 Dungeon Crawl Stone Soup version 0.24-a0-375-g4de66ed42b (webtiles) character file.

Game seed: 16193605186685952857

7938 Gargoyl the Covered (level 11, 0/90 HPs)
             Began as a Centaur Abyssal Knight on May 31, 2019.
             Was a High Priest of Lugonu.
             Slain by a two-headed ogre
             ... wielding a +0 giant club
              (11 damage)
             ... on level 11 of the Dungeon.
             The game lasted 00:20:47 (13341 turns).

Gargoyl the Covered (Centaur Abyssal Knight)       Turns: 13341, Time: 00:20:47

Health: 0/90       AC: 10    Str: 21    XL:     11   Next: 3%
Magic:  16/16      EV:  7    Int: 11    God:    Lugonu [*****.]
Gold:   679        SH:  0    Dex: 10    Spells: 10/10 levels left

rFire    . . .     SeeInvis .   u - +8 trident (pierce)
rCold    . . .     Gourm    .   (no shield)
rNeg     . . .     Faith    .   z - +1 chain mail {MR+}
rPois    .         Spirit   .   (no helmet)
rElec    .         Reflect  .   (no cloak)
rCorr    .         Harm     .   (no gloves)
MR       ++...                  (no barding)
Stlth    ..........             q - amulet of the acrobat
HPRegen  0.25/turn              r - ring of protection from magic
MPRegen  0.15/turn              g - +4 ring of strength

@: about to teleport, very quick
A: large, hooves 3, deformed body, speed 2, tough skin 3
a: Depart the Abyss, Bend Space, Banish, Corrupt, Enter the Abyss, Renounce
Religion


You were on level 11 of the Dungeon.
You worshipped Lugonu.
Lugonu was extremely pleased with you.
You were hungry.

You visited 1 branch of the dungeon, and saw 11 of its levels.
You visited the Abyss 1 time.

You collected 679 gold pieces.

Inventory:

Hand Weapons
 a - a +3 hand axe
 u - a +8 trident of piercing (weapon)
Missiles
 w - 5 silver boomerangs (quivered)
 D - 19 boomerangs
Armour
 z - a +1 chain mail of magic resistance (worn)
Jewellery
 d - an uncursed ring of see invisible
 g - a +4 ring of strength (right hand)
 q - an amulet of the acrobat (around neck)
 r - a ring of protection from magic (left hand)
 H - a cursed ring of teleportation {unknown}
Wands
 m - a wand of acid (7)
 p - a wand of iceblast (1)
 v - a wand of digging (1)
 F - a wand of flame (13)
Scrolls
 e - 4 scrolls of magic mapping
 j - a scroll of identify
 k - 3 scrolls of teleportation
 n - a scroll of fog
 s - 2 scrolls of remove curse
 y - 2 scrolls of amnesia
Potions
 b - a potion of magic {unknown}
 f - a potion of degeneration {unknown}
 h - 4 potions of might {unknown}
 i - a potion of invisibility {unknown}
 l - 2 potions of haste
 o - 3 potions of agility {unknown}
 t - a potion of cancellation {unknown}
 A - 3 potions of flight {unknown}
 B - a potion of ambrosia {unknown}
 C - 2 potions of lignification {unknown}
 E - 2 potions of curing {unknown}
Miscellaneous
 x - a phantom mirror
Comestibles
 c - 15 rations


   Skills:
 + Level 6.3 Fighting
 + Level 7.0(7.3) Axes
 + Level 3.4(5.6) Polearms
 + Level 2.0 Throwing
 * Level 7.7 Armour
 * Level 5.0 Dodging
 * Level 7.4 Invocations
 + Level 1.4 Evocations


You had 10 spell levels left.
You didn't know any spells.
Your spell library contained the following spells:

 Spells                   Type           Power        Failure   Level  Hunger
 Magic Dart               Conj           #...         95%         1    ##.....
 Summon Small Mammal      Summ           #...         95%         1    ##.....
 Call Imp                 Summ           #.......     98%         2    ###....
 Searing Ray              Conj           #.....       98%         2    ###....
 Call Canine Familiar     Summ           #.......     100%        3    ####...
 Dazzling Spray           Conj/Hex       #.....       100%        3    ####...
 Summon Guardian Golem    Hex/Summ       #.......     100%        3    ####...
 Force Lance              Conj/Tloc      #.......     100%        4    #####..
 Fulminant Prism          Conj/Hex       #.........   100%        4    #####..
 Iskenderun's Mystic Bla  Conj           #.......     100%        4    #####..
 Summon Ice Beast         Ice/Summ       #.......     100%        4    #####..
 Summon Lightning Spire   Summ/Air       #.......     100%        4    #####..


Dungeon Overview and Level Annotations

Branches:
Dungeon (11/15)            Temple (0/1) D:4             Orc (0/2) D:9
   Lair: D:8-11

Altars:
Ashenzari
Dithmenos
Elyvilon
Fedhas
Gozag
Kikubaaqudgha
Qazlal
Uskayaw
Vehumet
Wu Jian
Xom
Yredelemnul
The Shining One

Annotations:
D:3 exclusion: oklob plant


Innate Abilities, Weirdness & Mutations

You have hooves in place of feet.
Armour fits poorly on your strangely shaped body.
You cover ground very quickly.
You have extremely tough skin. (AC +3)


Message History

Press: ? - help, Dir - move target cursor, f - orc
Aim: an orc, wielding a +0 falchion You reach to attack!
You closely miss the orc.
Attack whom?
Press: ? - help, Dir - move target cursor, f - two-headed ogre, p - orc
Aim: a two-headed ogre, wielding a +0 giant club and a +0 giant spiked club (lightly wounded)
You reach to attack!
Your chain mail prevents you from hitting the two-headed ogre.
The two-headed ogre is lightly wounded.
A killer bee comes into view.
The killer bee buzzes angrily.
You hear an angry buzzing noise.
A killer bee comes into view.
The killer bee buzzes angrily.
A killer bee comes into view.
As you read the scroll of teleportation, it crumbles to dust.
You feel strangely unstable.
The two-headed ogre hits you with a +0 giant club!!
* * * LOW HITPOINT WARNING * * *
The two-headed ogre hits you with a +0 giant spiked club!
You die...

####..................#
......................#####
..........................
#...†..............#
#..................#
#............).....#
#.....o............#
#.....O............#
#....@##'#.<.......#
#.....#..####......###
.......y#.....#.........
####...y#.....#.........
#....#.....#.........
#.y..#.....#...######
#....#.....'...#
#....#.....#...#
#....##...#


You could see a two-headed ogre, 3 killer bees and an orc.

Vanquished Creatures
  A centaur warrior (D:10)
  2 dancing weapons
  Pikel (D:5)
  A hippogriff (D:10)
  A shadow (D:9)
  Sigmund (D:5)
  A yak (D:10)
  A hungry ghost (D:8)
  Grum (D:9)
  Menkaure (D:4)
  Edmund (D:5)
  An orc warrior (D:9)
  3 ice beasts
  A black bear (D:9)
  7 ogres
  An eye of draining (D:10)
  2 wolves (D:9)
  8 centaurs
  8 bullfrogs
  3 gnoll sergeants (D:8)
  2 scorpions
  A vampire bat (D:9)
  A jelly (D:4)
  3 howler monkeys
  A bullfrog zombie (D:8)
  3 crimson imps
  A quasit (D:8)
  4 hounds
  8 orc wizards
  8 orc priests
  A bullfrog skeleton (D:7)
  2 centaur skeletons
  4 iguanas
  Natasha (thrice) (D:4)
  6 worker ants
  2 hound skeletons
  A worker ant zombie (D:5)
  A howler monkey skeleton (D:10)
  15 gnolls
  5 adders
  A shadow imp (D:8)
  An ooze (D:1)
  2 worms
  5 leopard geckos
  48 orcs
  4 bats
  3 bat skeletons (D:9)
  3 bat zombies (D:9)
  8 giant cockroaches
  4 goblins
  9 hobgoblins
  7 jackals
  7 quokkas
  A ball python (D:1)
  3 frilled lizards
  3 goblin skeletons (D:4)
  2 goblin zombies (D:4)
  4 hobgoblin zombies (D:4)
  A jackal skeleton (D:6)
  8 kobolds
  An orc zombie (D:4)
  A quokka skeleton (D:5)
  A quokka zombie (D:6)
  6 rats
  A spectral orc (D:4)
252 creatures vanquished.

Vanquished Creatures (others)
  A water moccasin skeleton (D:5)
  A bullfrog zombie (D:5)
2 creatures vanquished.

Grand Total: 254 creatures vanquished

Notes
Turn   | Place    | Note
-------+----------+-------------------------------------------
     0 | Abyss:1  | Gargoyl the Centaur Abyssal Knight began the quest for the
                  | Orb.
     0 | Abyss:1  | Reached XP level 1. HP: 19/19 MP: 2/2
    76 | Abyss:1  | Noticed a tentacled starspawn
    78 | Abyss:1  | Noticed a lich
    78 | Abyss:1  | Noticed a large abomination
    79 | Abyss:1  | Noticed a hungry ghost
    79 | Abyss:1  | Noticed a wraith
    79 | Abyss:1  | Noticed a wraith
    81 | D:1      | Escaped the Abyss
   195 | D:1      | Reached XP level 2. HP: 26/26 MP: 3/3
   561 | D:1      | Reached * piety under Lugonu
   668 | D:1      | Reached skill level 1 in Dodging
   948 | D:2      | Reached XP level 3. HP: 23/31 MP: 4/4
  1149 | D:2      | Found a radiant altar of Vehumet.
  1176 | D:2      | Found an opulent altar of Gozag.
  1559 | D:3      | Found a blossoming altar of Fedhas.
  1656 | D:3      | Reached ** piety under Lugonu
  1992 | D:3      | Reached XP level 4. HP: 30/38 MP: 5/5
  2094 | D:3      | Found a stormy altar of Qazlal.
  2543 | D:3      | Noticed an oklob plant
  2672 | D:4      | Noticed Menkaure
  2675 | D:4      | Reached XP level 5. HP: 24/45 MP: 7/7
  2976 | D:4      | Killed Menkaure
  3147 | D:4      | Reached XP level 6. HP: 52/52 MP: 8/8
  3171 | D:4      | Found a shimmering altar of Xom.
  3252 | D:4      | Found a glowing golden altar of the Shining One.
  3501 | D:4      | Found a white marble altar of Elyvilon.
  3745 | D:4      | Found a staircase to the Ecumenical Temple.
  3746 | D:4      | Noticed Natasha
  3755 | D:4      | Killed Natasha
  3820 | D:4      | Found a basalt altar of Yredelemnul.
  4226 | D:4      | Noticed Natasha
  4234 | D:4      | Killed Natasha
  4427 | D:4      | Noticed Natasha
  4433 | D:4      | Killed Natasha
  4433 | D:4      | Reached XP level 7. HP: 59/59 MP: 9/9
  4448 | D:5      | Entered Level 5 of the Dungeon
  5034 | D:5      | Noticed Sigmund
  5049 | D:5      | Killed Sigmund
  5049 | D:5      | Reached XP level 8. HP: 36/67 MP: 11/11
  5386 | D:5      | Reached *** piety under Lugonu
  5521 | D:5      | Reached skill level 5 in Axes
  5613 | D:5      | Noticed Edmund
  5633 | D:5      | Killed Edmund
  6080 | D:5      | Noticed Pikel
  6399 | D:4      | Reached skill level 5 in Invocations
  6461 | D:5      | Killed Pikel
  6461 | D:5      | Reached skill level 5 in Fighting
  6461 | D:5      | Reached skill level 5 in Armour
  6462 | D:5      | Reached XP level 9. HP: 29/74 MP: 11/13
  6994 | D:5      | Got a twisted ring mail
  7005 | D:5      | Identified the +1 ring mail of Nioguic {rN+ Str+2 Dex+4
                  | Slay-4} (You found it on level 5 of the Dungeon)
  7738 | D:6      | Found a shattered altar of Ashenzari.
  7770 | D:6      | Reached skill level 1 in Evocations
  8715 | D:7      | Noticed a +0 hand axe
  8716 | D:7      | Noticed a +0 hand axe
  8719 | D:7      | Found a hide-covered altar of Uskayaw.
  8723 | D:7      | Reached **** piety under Lugonu
  8778 | D:6      | Killed a +0 hand axe
  8778 | D:6      | Reached skill level 1 in Throwing
  9101 | D:7      | Killed a +0 hand axe
  9101 | D:7      | Reached XP level 10. HP: 27/83 MP: 14/14
  9795 | D:8      | Found an ornate altar of the Wu Jian Council.
  9906 | D:8      | Found a shadowy altar of Dithmenos.
 11561 | D:9      | Noticed Grum
 11586 | D:9      | Reached skill level 1 in Polearms
 11590 | D:9      | Killed Grum
 11758 | D:9      | Got a distressingly furry ring mail
 11769 | D:9      | Identified the +2 ring mail of Feasting {rPois MP+9 Stlth+}
                  | (You found it on level 9 of the Dungeon)
 12171 | D:9      | Found a staircase to the Orcish Mines.
 12240 | D:9      | Found an ancient bone altar of Kikubaaqudgha.
 12307 | D:10     | Entered Level 10 of the Dungeon
 12520 | D:10     | Reached ***** piety under Lugonu
 12853 | D:10     | Noticed a centaur warrior
 12873 | D:10     | Killed a centaur warrior
 12873 | D:10     | Reached skill level 5 in Dodging
 12873 | D:10     | Reached XP level 11. HP: 35/90 MP: 4/16
 13305 | D:11     | Noticed a two-headed ogre
 13341 | D:11     | Slain by a two-headed ogre

Levels and vault maps discovered:
D:1:      lemuel_arrival_river_bridge, layout_basic
D:2:      layout_basic, nicolae_gozag_cash_rules_everything_around_me,
          lemuel_round_altar
D:3:      layout_basic, grunt_qazlal_clouds, first_ration, tgw_fedhas
D:4:      layout_basic, yredelemnul_forgotten_temple_becter, elyvilon_altar_3,
          marbit_many_paths, minmay_temple_entry_statues_fountains,
          minmay_fountain_box, nicolae_tso_besieged_by_evil, uniq_menkaure,
          uniq_natasha
D:5:      minmay_spotlight, layout_basic, minmay_fractal_squares_diagonal_5,
          uniq_sigmund, uniq_edmund, uniq_pikel
D:6:      layout_layer_cave, evilmike_ruin_ashenzari, st_stairs_8
D:7:      layout_rooms, dancing_weapons_uskayaw
D:8:      layout_gridville, nicolae_dithmenos_the_darkroom,
          kennysheep_little_box
D:9:      layout_long_grid, kennysheep_vampire_church, hiddenorc1_lemuel,
          uniq_grum
D:10:     minmay_octagon_keep, layout_rooms
D:11:     layout_irregular_city, erik_lair_island, grunt_livestock, uniq_harold

Skill      XL: |  1  2  3  4  5  6  7  8  9 10 |
---------------+-------------------------------+-----
Dodging        | 1 2 3 4 5 |  5.0
Axes           | 2 3 4 5 6 7 |  7.0
Armour         | 2 3 4 5 6 7 |  7.7
Invocations    | 3 4 5 6 7 |  7.4
Fighting       | 4 5 6 |  6.3
Evocations     | 1 |  1.4
Throwing       | 2 |  2.0
Polearms       | 3 |  3.4

Action                   |  1- 3 |  4- 6 |  7- 9 | 10-12 || total
-------------------------+-------+-------+-------+-------++-------
Melee: Hand axe          |    91 |   123 |   280 |    92 ||   586
       Kick              |     8 |    18 |    75 |    69 ||   170
       Trident           |       |       |       |   188 ||   188
Throw: Boomerang         |       |       |    16 |     4 ||    20
Invok: Depart the Abyss  |     1 |       |       |       ||     1
       Banish            |       |       |     1 |       ||     1
       Bend Space        |       |       |       |     1 ||     1
Evoke: Wand              |       |     1 |    11 |       ||    12
  Use: Scroll            |     9 |     5 |       |     8 ||    22
       Potion            |       |       |     4 |       ||     4
  Eat: Chunk             |     1 |     6 |     7 |     9 ||    23
       Ration            |       |       |     2 |     2 ||     4
Armor: Scale mail        |     3 |       |       |       ||     3
       Ring mail         |    45 |    58 |    41 |       ||   144
       Chain mail        |       |       |    69 |   149 ||   218
Dodge: Dodged            |    48 |    64 |   136 |   140 ||   388

Table legend:
 A = Non-vault XP
 B = Vault XP
 C = Vault XP percentage of total XP
 D = Non-vault monster count
 E = Vault monster count
 F = Vault count percentage of total count
                 A         B        C        D         E       F
            +---------+---------+-------+---------+---------+-------
      Total |    6210 |    5131 |  45.2 |     183 |      70 |  27.7
            +---------+---------+-------+---------+---------+-------
        D:1 |      37 |       0 |   0.0 |      20 |       0 |   0.0
        D:2 |      34 |       0 |   0.0 |      17 |       0 |   0.0
        D:3 |      51 |       0 |   0.0 |      14 |       0 |   0.0
        D:4 |     300 |     491 |  62.1 |      20 |      17 |  45.9
        D:5 |     742 |    1374 |  64.9 |      15 |      14 |  48.3
        D:6 |     449 |     886 |  66.4 |      21 |       1 |   4.5
        D:7 |     529 |     886 |  62.6 |      19 |       1 |   5.0
        D:8 |    1273 |       0 |   0.0 |      32 |       0 |   0.0
        D:9 |     963 |     743 |  43.6 |      12 |      27 |  69.2
       D:10 |    1661 |     751 |  31.1 |       8 |      10 |  55.6
       D:11 |     171 |       0 |   0.0 |       5 |       0 |   0.0
            +---------+---------+-------+---------+---------+-------
